 Dungeon Crawl Stone Soup version 0.21-a0-507-ga8f6b7a (webtiles) character file.

789 zero the Covert (level 7, 0/32 HPs)
             Began as a Spriggan Enchanter on Nov 27, 2017.
             Slain by an orc wizard
             ... wielding a +0 dagger
              (2 damage)
             ... on level 5 of the Dungeon.
             The game lasted 00:08:44 (5716 turns).

zero the Covert (Spriggan Enchanter)                Turns: 5716, Time: 00:08:45

Health: 0/32       AC:  4    Str:  4    XL:     7   Next: 56%
Magic:  12/14      EV: 16    Int: 16    God:
Gold:   137        SH:  0    Dex: 16    Spells: 5/14 levels left

rFire    . . .     SeeInvis +   i - +1 dagger (protect)
rCold    . . .     Gourm    .   (shield restricted)
rNeg     . . .     Faith    .   b - +0 robe
rPois    .         Spirit   .   (helmet restricted)
rElec    .         Reflect  .   (no cloak)
rCorr    .         Harm     .   (gloves unavailable)
MR       +....                  (boots unavailable)
Stlth    +++++.....             (no amulet)
HPRegen  0.10/turn              j - -2 ring of evasion
MPRegen  0.14/turn              o - -3 ring of intelligence (curse)

@: very quick
A: very small, unfitting armour, icy blue scales 1, see invisible, herbivore 3,
speed 3, slow metabolism 2
a: no special abilities


You were on level 5 of the Dungeon.
You were not hungry.

You visited 1 branch of the dungeon, and saw 6 of its levels.

You collected 233 gold pieces.
You spent 96 gold pieces at shops.

Inventory:

Hand Weapons
 i - a +1 dagger of protection (weapon)
Armour
 b - a +0 robe (worn)
Jewellery
 j - a -2 ring of evasion (left hand)
 o - a cursed -3 ring of intelligence (right hand)
 w - an uncursed ring of see invisible {unknown}
Wands
 p - a wand of polymorph (12)
 q - a wand of disintegration (10)
Scrolls
 f - a scroll of magic mapping
 m - 4 scrolls of enchant armour {unknown}
 n - 5 scrolls of identify
 r - a scroll of amnesia {unknown}
 s - a scroll of blinking {unknown}
 t - a scroll of noise {unknown}
 v - a scroll of random uselessness {unknown}
 x - a scroll of fog {unknown}
Potions
 a - 2 potions of agility
 e - 2 potions of magic {unknown}
 h - a potion of resistance
 k - 2 potions of curing {unknown}
 l - 2 potions of might {unknown}
 u - 2 potions of brilliance {unknown}
Books
 c - a book of Maledictions

   Spells                             Type                      Level
   a - Corona                         Hexes                        1
   b - Ensorcelled Hibernation        Hexes/Ice                    2
   c - Confuse                        Hexes                        3
   d - Tukima's Dance                 Hexes                        3
   e - Dazzling Spray                 Conjuration/Hexes            3
Comestibles
 d - 3 bread rations
 g - 3 royal jellies


   Skills:
 - Level 5.0 Short Blades
 - Level 3.0 Dodging
 - Level 10.1 Stealth
 + Level 4.3 Spellcasting
 + Level 5.0 Hexes


You had 5 spell levels left.
You knew the following spells:

 Your Spells              Type           Power        Failure   Level  Hunger
a - Corona                Hex            ###....      1%          1    None
b - Ensorcelled Hibernat  Hex/Ice        ##....       9%          2    ##.....
c - Confuse               Hex            ###.....     6%          3    ###....
d - Tukima's Dance        Hex            ###.....     6%          3    ###....


Dungeon Overview and Level Annotations

Branches:
Dungeon (6/15)
 Temple: D:4-7

Altars:
Ashenzari
Dithmenos
Gozag
Hepliaklqana
Makhleb
Okawaru
Trog
The Shining One

Shops:
D:4 !

Annotations:
D:6 Dowan, Duvessa


Innate Abilities, Weirdness & Mutations

You are very small and have problems with some larger weapons.
You are too small for most types of armour.
You have supernaturally acute eyesight. (SInv)
You are a herbivore.
You cover ground extremely quickly.
You need consume almost no food.
You are partially covered in icy blue scales. (AC +2)


Message History

The orc priest completely misses you. The orc closely misses you.
The orc wizard points at you and mumbles some strange words.
The magic dart hits you!
* * * LOW HITPOINT WARNING * * *
Dowan says, "There's a certain beauty in death, don't you think?"
The adder completely misses you.
You climb upwards.
There is a stone staircase leading down here.
Okay, then.
Okay, then.
Okay, then.
Okay, then.
Casting: Corona
Confirm with . or Enter, or press ? or * to list all spells.
Aiming: Ensorcelled Hibernation
Press: ? - help, Shift-Dir - straight line, f - orc priest
Aim: an orc priest, wielding a mace (chance to defeat MR: 42%)
The orc priest resists with some effort.
The orc wizard hits you with a dagger.
You die...

#.....##.# #.....##.# #.....##..
#.....#### ############# #.....#
#...........# ########
#...........# #....#
#...........# ###.##.#
#.(.....@.o.# #...##.###
#........oo.####.###....#
#.................#####.#
#.....................#.#
#.................##....#
#.........)........#.....
#..................#...##
#########...........####.#.#...#
....................# #.#.#...##


You could see an orc priest, an orc wizard and an orc.

Vanquished Creatures
  Menkaure (D:4)
  An ogre (D:2)
  A centaur (D:5)
  A bullfrog (D:6)
  A scorpion (D:5)
  A hound (D:5)
  An orc priest (D:4)
  2 bullfrog skeletons
  3 worker ants
  An iguana (D:4)
  A killer bee zombie (D:5)
  5 adders
  2 shadow imps (D:5)
  An ooze (D:4)
  An adder zombie (D:5)
  3 worms
  5 dart slugs
  A leopard gecko (D:1)
  11 orcs
  4 giant cockroaches
  2 goblins (D:1)
  8 hobgoblins
  3 jackals (D:2)
  9 kobolds
  2 quokkas
  5 bats
  3 frilled lizards
  3 rats
82 creatures vanquished.

Notes
Turn   | Place    | Note
-------+----------+-------------------------------------------
     0 | D:1      | zero the Spriggan Enchanter began the quest for the Orb.
     0 | D:1      | Reached XP level 1. HP: 9/9 MP: 5/5
   128 | D:1      | Reached skill level 5 in Stealth
   387 | D:1      | Reached XP level 2. HP: 13/13 MP: 4/6
   701 | D:1      | Reached skill level 6 in Stealth
  1291 | D:1      | Reached XP level 3. HP: 16/16 MP: 6/8
  1501 | D:3      | Learned a level 2 spell: Ensorcelled Hibernation
  1505 | D:3      | Learned a level 3 spell: Confuse
  1513 | D:3      | Reached skill level 7 in Stealth
  1522 | D:5      | Entered Level 5 of the Dungeon
  1927 | D:2      | Noticed an ogre
  1973 | D:2      | Killed an ogre
  1973 | D:2      | Reached skill level 8 in Stealth
  1973 | D:2      | Reached XP level 4. HP: 21/21 MP: 0/9
  1973 | D:2      | Reached XP level 5. HP: 24/24 MP: 0/10
  2086 | D:2      | Found a shadowy altar of Dithmenos.
  2186 | D:2      | Learned a level 3 spell: Tukima's Dance
  2198 | D:2      | Found a hazy altar of Hepliaklqana.
  2247 | D:2      | Reached skill level 9 in Stealth
  2305 | D:2      | Found a burning altar of Makhleb.
  2752 | D:3      | Found an iron altar of Okawaru.
  2754 | D:3      | Found a bloodstained altar of Trog.
  2881 | D:3      | Found an opulent altar of Gozag.
  3537 | D:4      | Found Healaappe's Distillery.
  3544 | D:4      | Bought a potion of mutation for 96 gold pieces
  3544 | D:4      | Gained mutation: You are weak. (Str -2) [potion of mutation]
  3544 | D:4      | Gained mutation: Your mind is acute. (Int +2) [potion of mutation]
  3544 | D:4      | Gained mutation: You have a somewhat thin skeletal structure. (Dex +2, Stealth) [potion of mutation]
  3544 | D:4      | Lost mutation: You are weak. (Str -2) [potion of mutation]
  3545 | D:4      | Lost mutation: Your mind is acute. (Int +2) [potion of mutation]
  3545 | D:4      | Lost mutation: You have a somewhat thin skeletal structure. (Dex +2, Stealth) [potion of mutation]
  3545 | D:4      | Gained mutation: You are weak. (Str -2) [potion of mutation]
  3545 | D:4      | Lost mutation: You are weak. (Str -2) [potion of mutation]
  3545 | D:4      | Gained mutation: You are partially covered in icy blue scales. (AC +2) [potion of mutation]
  3580 | D:4      | Noticed Menkaure
  3588 | D:4      | Killed Menkaure
  3588 | D:4      | Reached XP level 6. HP: 18/28 MP: 7/11
  3819 | D:4      | Reached skill level 5 in Short Blades
  4427 | D:5      | Found a shattered altar of Ashenzari.
  4512 | D:5      | Found a glowing golden altar of the Shining One.
  4932 | D:5      | Reached XP level 7. HP: 8/32 MP: 9/12
  5436 | D:5      | Reached skill level 10 in Stealth
  5600 | D:5      | Found a shadowy altar of Dithmenos.
  5657 | D:6      | Noticed Dowan
  5659 | D:6      | Reached skill level 5 in Hexes
  5660 | D:6      | Noticed Duvessa
  5716 | D:5      | Slain by an orc wizard

Vault maps used:
D:1:      sevenhm_arrival_forest_fort_large_2, minmay_misc_feat_hallway,
          st_stairs_7, hangedman_decor_riveting, minmay_misc_feat_enclosed
D:2:      lemuel_doored_altar, nicolae_overflow_crystal_walls,
          lightli_temple_of_fire, first_bread
D:3:      grunt_gozag_breadcrumbs, grunt_temple_overflow_open
D:4:      serial_shops, shop_statue, uniq_menkaure
D:5:      nicolae_tso_carved_into_rock, ashenzari_altar_1,
          grunt_dithmenos_shadows
D:6:      minmay_temple_entry_glassed_door, uniq_sigmund, uniq_duvessa,
          uniq_eustachio

Skill      XL: |  1  2  3  4  5  6  7 |
---------------+----------------------+-----
Stealth        | 5 6 8 9 10 | 10.1
Short Blades   | 4 5 |  5.0
Spellcasting   | 3 4 |  4.3
Hexes          | 4 5 |  5.0
Dodging        | |  3.0

Action                   |  1- 3 |  4- 6 |  7- 9 || total
-------------------------+-------+-------+-------++-------
Melee: Dagger            |   130 |   134 |    54 ||   318
 Cast: Corona            |    23 |    20 |     5 ||    48
       Ensorcelled Hiber |     8 |    26 |     2 ||    36
       Confuse           |       |     1 |       ||     1
Evoke: Wand              |       |     2 |       ||     2
  Use: Scroll            |     4 |     2 |       ||     6
       Potion            |       |     2 |       ||     2
 Stab: Sleeping          |    12 |    26 |     7 ||    45
       Confused          |       |     2 |       ||     2
       Distracted        |       |     1 |       ||     1
  Eat: Royal jelly       |       |     2 |     1 ||     3
Armor: Robe              |    18 |    21 |    15 ||    54
Dodge: Dodged            |   116 |   110 |    37 ||   263

Table legend:
 A = Spawn XP
 B = Non-spawn XP
 C = Spawn XP percentage of total XP
 D = Spawn monster count
 E = Non-spawn monster count
 F = Spawn count percentage of total count
 G = Total turns spent on level
                    A         B        C        D         E        F      G
               +---------+---------+-------+---------+---------+-------+---------
         Total |       0 |    1128 |   0.0 |       0 |      82 |   0.0 |  5716
               +---------+---------+-------+---------+---------+-------+---------
           D:1 |       0 |      42 |   0.0 |       0 |      21 |   0.0 |  1630
           D:2 |       0 |     151 |   0.0 |       0 |      13 |   0.0 |   835
           D:3 |       0 |     106 |   0.0 |       0 |      21 |   0.0 |  1059
           D:4 |       0 |     343 |   0.0 |       0 |      13 |   0.0 |  1147
           D:5 |       0 |     362 |   0.0 |       0 |      12 |   0.0 |  1003
           D:6 |       0 |     124 |   0.0 |       0 |       2 |   0.0 |    42
               +---------+---------+-------+---------+---------+-------+---------
